 Dungeon Crawl Stone Soup version 0.23-a0-290-g290e36d (webtiles) character file.

1256 Amnesiac the Geomancer (level 8, 31/31 HPs)
             Began as a Felid Earth Elementalist on Oct 3, 2018.
             Quit the game on level 6 of the Dungeon.
             The game lasted 00:14:46 (4387 turns).

Amnesiac the Geomancer (Felid Earth Elementalist)   Turns: 4387, Time: 00:14:47

Health: 31/31      AC:  2    Str:  4    XL:     8   Next: 26%
Magic:  16/16      EV: 20    Int: 19    God:
Gold:   215        SH:  5    Dex: 17    Spells: 4/16 levels left
                                        Lives:  1   Deaths: 1

rFire    . . .     SeeInvis +     - Unarmed
rCold    . . .     Gourm    .   (shield unavailable)
rNeg     . . .     Faith    .   (armour unavailable)
rPois    .         Spirit   .   (helmet unavailable)
rElec    .         Reflect  +   (cloak unavailable)
rCorr    .         Harm     .   (gloves unavailable)
MR       +....                  (boots unavailable)
Stlth    ++++......             l - +5 amulet of reflection
HPRegen  0.10/turn              (no ring)
MPRegen  0.15/turn              (no ring)

@: quick
A: very small, no armour, no weapons or thrown items, stealth, claws 1, fangs 3,
see invisible, carnivore, speed 1, shaggy fur 2, slow metabolism 1, sharp paws
a: no special abilities


You were on level 6 of the Dungeon.
You were not hungry.

You visited 1 branch of the dungeon, and saw 7 of its levels.

You collected 215 gold pieces.

Inventory:

Jewellery
 l - a +5 amulet of reflection (around neck)
Wands
 b - a wand of random effects (9)
 d - a wand of acid (4)
 j - a wand of scattershot (1)
 m - a wand of disintegration (11)
Scrolls
 e - a scroll of remove curse {!r}
 f - a scroll of magic mapping {!r}
Potions
 g - 2 potions of agility {!q}
 h - 2 potions of flight {!q}
 i - a potion of lignification {!q}
 n - a potion of degeneration {!q}
Comestibles
 c - 4 rations


   Skills:
 - Level 4.6 Dodging
 + Level 5.6 Stealth
 * Level 5.6 Unarmed Combat
 + Level 4.6 Spellcasting
 - Level 4.0 Transmutations
 - Level 8.0 Earth Magic


You had 4 spell levels left.
You knew the following spells:

 Your Spells              Type           Power        Failure   Level  Hunger
a - Sandblast             Erth           ####..       1%          1    None
b - Passwall              Tmut/Erth      ####....     1%          2    #......
d - Lee's Rapid Deconstr  Erth           ####......   13%         5    ######.
e - Petrify               Tmut/Erth      ####....     11%         4    ####...

Your spell library contained the following spells:

 Spells                   Type           Power        Failure   Level  Hunger
 Stone Arrow              Conj/Erth      ###...       8%          3    ###....


Dungeon Overview and Level Annotations

Branches:
Dungeon (7/15)
 Temple: D:4-7

Altars:
Cheibriados
Hepliaklqana
Xom
Zin

Shops:
D:6 (


Innate Abilities, Weirdness & Mutations

You cannot wear armour.
You are incapable of wielding weapons or throwing items.
Your paws allow you to move quietly. (Stealth)
You have sharp claws.
You have razor-sharp teeth.
You have supernaturally acute eyesight. (SInv)
You are carnivorous and can eat meat at any time.
You cover ground quickly.
You are covered in thick fur. (AC +2)
You have a slow metabolism.
Your sharp claws are effective at attacking unaware monsters.


Message History

You start resting.
Magic restored.
You start resting.
Magic restored.
There is an entrance to Deyrotwa's Antique Weapon Shoppe here.
You see here a tomahawk.
Things that are here:
a scimitar; a plate armour You start resting.
The bullfrog is too close now for your liking.
Casting: Petrify (safe; 12% risk of failure)
Confirm with . or Enter, or press ? or * to list all spells.
Aiming: Petrify (safe; 12% risk of failure)
Press: ? - help, Shift-Dir - straight line, f - bullfrog
Aim: a bullfrog (hasn't noticed you, chance to defeat MR: 53%)
The bullfrog croaks.
The bullfrog resists with significant effort.
Unknown command.
Casting: Petrify (safe; 12% risk of failure)
Confirm with . or Enter, or press ? or * to list all spells.
Aiming: Petrify (safe; 12% risk of failure)
Press: ? - help, Shift-Dir - straight line, f/p - bullfrog
Aim: a bullfrog (chance to defeat MR: 53%)
You miscast Petrify.
You are very lightly contaminated with residual magic.
Strange energies run through your body.
Unknown command.
Casting: Petrify (safe; 12% risk of failure)
Confirm with . or Enter, or press ? or * to list all spells.
Aiming: Petrify (safe; 12% risk of failure)
Press: ? - help, Shift-Dir - straight line, f/p - bullfrog
Aim: a bullfrog (chance to defeat MR: 53%)
The bullfrog resists with significant effort.
The bullfrog hits you.
* * * LOW HITPOINT WARNING * * *
Unknown command.
Casting: Petrify (safe; 12% risk of failure)
Confirm with . or Enter, or press ? or * to list all spells.
Aiming: Petrify (safe; 12% risk of failure)
Press: ? - help, Shift-Dir - straight line, f/p - bullfrog
Aim: a bullfrog (chance to defeat MR: 53%)
The bullfrog is moving more slowly.
You block the bullfrog's attack. x2
Unknown command.
You scratch the bullfrog but do no damage.
You bite the bullfrog.
The bullfrog is lightly wounded.
The bullfrog closely misses you.
You scratch the bullfrog.
You claw the bullfrog, but do no damage.
The bullfrog is lightly wounded.
The bullfrog hits you.
* * * LOW HITPOINT WARNING * * *
You scratch the bullfrog but do no damage.
The bullfrog is lightly wounded.
The bullfrog completely misses you. The bullfrog hits you!
* * * LOW HITPOINT WARNING * * *
You pounce on the helpless bullfrog from behind!
You claw the bullfrog!
The bullfrog is heavily wounded.
The bullfrog hits you.
You die...
You are now level 8!
You rejoin the land of the living...
Are you sure you want to abandon this character and quit the game? (Confirm

#.########..
....<........#
#########.....#
. # ...# .. #
...##+##. ##
....... ..
....# #. #..# .
#@.# #
#........# #
#######.## #
..# . ### #


There were no monsters in sight!

Vanquished Creatures
  Pikel (D:5)
  The ghost of Merlin the Sneak, a novice VSEn of Makhleb (D:6)
  Prince Ribbit (D:6)
  Sigmund (D:6)
  Edmund (D:5)
  An orc warrior (D:6)
  A sky beast (D:7)
  A slave (D:5)
  3 ogres
  2 bullfrogs
  Blork the orc (D:5)
  A scorpion (D:4)
  2 crimson imps
  5 hounds
  A quasit (D:7)
  3 orc priests
  A bullfrog skeleton (D:6)
  2 worker ants
  4 orc wizards
  2 worker ant zombies
  A killer bee simulacrum (D:6)
  7 adders
  A worker ant simulacrum (D:6)
  3 oozes
  A dart slug (D:4)
  17 orcs
  2 giant cockroaches
  2 goblins (D:3)
  3 hobgoblins
  3 kobolds
  2 quokkas (D:3)
  2 bats
  A quokka zombie (D:5)
  2 rats (D:3)
82 creatures vanquished.

Notes
Turn   | Place    | Note
-------+----------+-------------------------------------------
     0 | D:1      | Amnesiac the Felid Earth Elementalist began the quest for
                  | the Orb.
     0 | D:1      | Reached XP level 1. HP: 7/7 MP: 4/4
   278 | D:1      | You fall through a shaft!
   324 | D:2      | Reached skill level 3 in Earth Magic
   324 | D:2      | Reached XP level 2. HP: 11/11 MP: 1/6
   361 | D:2      | Learned a level 2 spell: Passwall
   446 | D:3      | Reached XP level 3. HP: 14/14 MP: 7/7
   626 | D:5      | Entered Level 5 of the Dungeon
   626 | D:5      | Noticed a slave
   626 | D:5      | Noticed a slave
   627 | D:5      | Noticed a slave
   628 | D:5      | Noticed a slave
   628 | D:5      | Noticed Pikel
   658 | D:4      | Reached skill level 4 in Earth Magic
   704 | D:4      | Found a hazy altar of Hepliaklqana.
   733 | D:4      | Noticed an ogre
   750 | D:4      | Killed an ogre
   750 | D:4      | Reached XP level 4. HP: 17/18 MP: 4/8
   750 | D:4      | Reached XP level 5. HP: 20/21 MP: 4/9
   806 | D:4      | Learned a level 4 spell: Petrify
  1496 | D:5      | Gained mutation: You are covered in thick fur. (AC +2)
                  | [Felid growth]
  1496 | D:5      | Reached XP level 6. HP: 24/24 MP: 6/10
  1549 | D:5      | Noticed Edmund
  1597 | D:5      | Killed Edmund
  1666 | D:5      | You fall through a shaft for 2 floors!
  1674 | D:7      | Noticed a sky beast
  1682 | D:7      | Killed a sky beast
  1682 | D:7      | Reached XP level 7. HP: 27/27 MP: 6/11
  1817 | D:7      | Reached skill level 5 in Earth Magic
  2190 | D:7      | Found a snail-covered altar of Cheibriados.
  2247 | D:7      | Found a glowing silver altar of Zin.
  2472 | D:4      | Reached skill level 6 in Earth Magic
  2573 | D:4      | Found a shimmering altar of Xom.
  3264 | D:5      | Noticed Blork the orc
  3337 | D:5      | Killed Blork the orc
  3337 | D:5      | Reached skill level 7 in Earth Magic
  3337 | D:5      | Reached XP level 8. HP: 31/31 MP: 3/12
  3532 | D:5      | Killed Pikel
  3532 | D:5      | Reached skill level 8 in Earth Magic
  3735 | D:6      | Learned a level 5 spell: Lee's Rapid Deconstruction
  4025 | D:6      | Found a runed gate.
  4025 | D:6      | Found a runed gate.
  4030 | D:6      | Found a runed gate.
  4030 | D:6      | Noticed Sigmund
  4039 | D:6      | Killed Sigmund
  4043 | D:6      | Noticed Merlin's ghost (novice VSEn)
  4096 | D:6      | Reached XP level 9. HP: 24/34 MP: 0/16
  4108 | D:6      | Killed Merlin's ghost
  4234 | D:6      | Found Deyrotwa's Antique Weapon Shoppe.
  4246 | D:6      | Noticed Prince Ribbit
  4254 | D:6      | Reached skill level 5 in Stealth
  4254 | D:6      | Reached skill level 5 in Unarmed Combat
  4275 | D:6      | Killed Prince Ribbit
  4386 | D:6      | Slain by a bullfrog
  4387 | D:6      | Reached XP level 8. HP: -1/31 MP: 2/16
  4387 | D:6      | Quit the game

Vault maps used:
D:1:      co_arrival_random_square_maze, minmay_misc_feat_nine_boxes,
          minmay_statues_item, minmay_crystal_water
D:2:      grunt_gozag_statues, nicolae_overflow_crystal_walls,
          lemuel_crystal_altar, first_ration
D:3:      old_standard_altar, serial_co_window_serial, co_window_paths_a,
          co_window_paths_a, co_window_paths_a, co_window_paths_b,
          co_window_of_opportunity_a, co_window_corner_a,
          co_window_of_opportunity_a, co_window_of_opportunity_b,
          co_window_corner_ca, co_window_2corner, co_window_of_opportunity_c,
          glass_columns_b, st_stairs_10, hex_tiny
D:4:      nicolae_tso_besieged_by_evil, lemuel_doored_altar, tgw_xom,
          skrybe_limestone_x
D:5:      uniq_edmund, uniq_eustachio, uniq_blork_the_orc, uniq_pikel
D:6:      gammafunk_temple_overflow_claw, minmay_temple_entry_from_below_b,
          gammafunk_ghost_necromancy, serial_shops, shop, uniq_sigmund,
          uniq_prince_ribbit1
D:7:      cheibriados_altar_1, kennysheep_mini, serial_bayou_crossing

Skill      XL: |  1  2  3  4  5  6  7  8  9 |
---------------+----------------------------+-----
Stealth        | 3 4 5 |  5.6
Earth Magic    | 3 4 7 8 |  8.0
Unarmed Combat | 3 4 5 |  5.6
Dodging        | 3 4 |  4.6
Transmutations | 2 4 |  4.0
Spellcasting   | 4 |  4.6

Action                   |  1- 3 |  4- 6 |  7- 9 || total
-------------------------+-------+-------+-------++-------
Melee: Unarmed           |    18 |    70 |   143 ||   231
       Bite              |     3 |     3 |    12 ||    18
       Punch             |       |       |     3 ||     3
 Cast: Sandblast         |    20 |    19 |    30 ||    69
       Passwall          |     1 |     3 |     7 ||    11
       Petrify           |       |     2 |    22 ||    24
       Lee's Rapid Decon |       |       |     3 ||     3
Evoke: Wand              |     1 |       |     9 ||    10
  Use: Scroll            |       |     4 |     6 ||    10
       Potion            |       |       |     4 ||     4
 Stab: Sleeping          |     3 |     3 |     9 ||    15
       Distracted        |       |     1 |       ||     1
       Petrified         |       |    13 |    36 ||    49
       Petrifying        |       |     1 |     3 ||     4
  Eat: Chunk             |     7 |     3 |    12 ||    22
Armor: Skin              |     2 |     3 |    14 ||    19
Dodge: Dodged            |    17 |    55 |   104 ||   176
Block: Other             |       |       |    24 ||    24

Table legend:
 A = Non-vault XP
 B = Vault XP
 C = Vault XP percentage of total XP
 D = Non-vault monster count
 E = Vault monster count
 F = Vault count percentage of total count
                 A         B        C        D         E       F
            +---------+---------+-------+---------+---------+-------
      Total |    1641 |    1892 |  53.6 |      65 |      16 |  19.8
            +---------+---------+-------+---------+---------+-------
        D:1 |       4 |       0 |   0.0 |       2 |       0 |   0.0
        D:2 |      31 |       0 |   0.0 |       6 |       0 |   0.0
        D:3 |      33 |       4 |  10.8 |       8 |       2 |  20.0
        D:4 |     330 |     121 |  26.8 |      12 |       4 |  25.0
        D:5 |     290 |     909 |  75.8 |      13 |       3 |  18.8
        D:6 |     537 |     858 |  61.5 |      14 |       7 |  33.3
        D:7 |     416 |       0 |   0.0 |      10 |       0 |   0.0
            +---------+---------+-------+---------+---------+-------
